 Dungeon Crawl Stone Soup version 0.29.1-12-g30fa7ad0bf (webtiles) character file.

Game seed: 3437237848056852995

37 Seakingmako the Trooper (level 3, 0/34 HPs)
             Began as a Minotaur Berserker on Jan 2, 2023.
             Was a Believer of Trog.
             Slain by a gnoll
             ... wielding a +0 flail
              (1 damage)
             ... on level 2 of the Dungeon.
             The game lasted 00:06:32 (791 turns).

Seakingmako the Trooper (Minotaur Berserker)         Turns: 791, Time: 00:06:33

Health: 0/34       AC: 11    Str: 23    XL:     3   Next: 21%
Magic:  2/2        EV:  7    Int:  4    God:    Trog [**....]
Gold:   60         SH:  0    Dex:  9    Spells: 2/2 levels left

rFire   . . .      SeeInvis .   a - +0 hand axe
rCold   . . .      Faith    .   (no shield)
rNeg    . . .      Spirit   .   d - +0 plate armour
rPois   .          Reflect  .   (helmet restricted)
rElec   .          Harm     .   (no cloak)
rCorr   .          Rampage  .   (no gloves)
Will    .....                   (no boots)
Stlth   ..........              (no amulet)
HPRegen 0.11/turn               (no ring)
MPRegen 0.08/turn               (no ring)

@: no status effects
A: horns 2, retaliatory headbutt
a: Renounce Religion, Berserk, Trog's Hand


You were on level 2 of the Dungeon.
You worshipped Trog.
Trog was pleased with you.
You visited 1 branch of the dungeon, and saw 2 of its levels.

You collected 60 gold pieces.

Inventory:

Hand Weapons
 a - a +0 hand axe (weapon)
 h - a +0 whip
 k - a +0 hand axe
 m - a +0 short sword
 o - a +0 club
 p - a +0 club
 q - a +0 sling
Missiles
 i - 7 stones (quivered)
Armour
 b - a +0 animal skin
 d - a +0 plate armour (worn)
 f - a +0 robe
 g - a +0 scale mail
 l - a +0 robe
Scrolls
 j - 3 scrolls of identify {unknown}
Potions
 c - 2 potions of curing {unknown}
 e - 2 potions of flight {unknown}
 n - a potion of might {unknown}


   Skills:
 * Level 4.3 Fighting
 + Level 4.2 Axes
 * Level 2.9 Armour
 * Level 2.4 Dodging


You had 2 spell levels left.
You didn't know any spells.
Your spell library contained the following spells:

 Spells                   Type           Power      Damage    Failure   Level
 Dazzling Flash           Conj/Hex       0%         N/A       100%        3
 Summon Ice Beast         Ice/Summ       0%         N/A       100%        4
 Conjure Ball Lightning   Conj/Air       0%         3x3d6     100%        6
 Starburst                Conj/Fire      0%         6d3       100%        6


Dungeon Overview and Level Annotations

Branches:
Dungeon (2/15)

Altars:


Innate Abilities, Weirdness & Mutations

You have a pair of horns on your head.
You reflexively headbutt those who attack you in melee.


Message History

The gnoll hits you but does no damage. The gnoll hits you with a +0 club.
You hit the gnoll but do no damage.
The gnoll is heavily wounded.
The gnoll hits you with a +0 club.
You barely miss the gnoll.
The gnoll is heavily wounded.
The gnoll hits you but does no damage.
You hit the gnoll.
The gnoll is heavily wounded.
The gnoll hits you with a +0 club.
You hit the gnoll but do no damage.
The gnoll is heavily wounded.
The gnoll hits you with a +0 club.
You hit the gnoll.
The gnoll is severely wounded.
The gnoll barely misses you.
You hit the gnoll.
You kill the gnoll!
Trog accepts your kill.
You have reached level 3!
Your experience leads to an increase in your attributes!
Increase (S)trength, (I)ntelligence, or (D)exterity?
You feel stronger. x2
You barely miss the gnoll.
You headbutt the gnoll, but do no damage.
The gnoll hits you with a +0 flail!
* * * LOW HITPOINT WARNING * * *
You see here a worm corpse.
The gnoll attacks as you move away! The gnoll hits you with a +0 flail.
* * * LOW HITPOINT WARNING * * *
The gnoll attacks as you move away! The gnoll completely misses you.
The gnoll attacks as you move away! The gnoll hits you but does no damage.
The gnoll attacks as you move away! The gnoll hits you but does no damage.
A rat comes into view.
The gnoll attacks as you move away! The gnoll hits you with a +0 flail.
* * * LOW HITPOINT WARNING * * *
The gnoll attacks as you move away! The gnoll hits you with a +0 flail.
* * * LOW HITPOINT WARNING * * *
The gnoll attacks as you move away! The gnoll hits you with a +0 flail.
You die...

#########
#.....@.#
#.#####g# #
#.# .
###r#######
#
#.....r....
#.#.#######
#.#.# ..
#.###.#.#
#.#
#.......#


You could see a gnoll and a rat.

Vanquished Creatures
  A gnoll (D:2)
  A worm (D:2)
  A dart slug (D:1)
  2 bats
  2 endoplasms (D:1)
  A goblin (D:1)
  3 hobgoblins
  3 jackals (D:2)
  A quokka (D:2)
  3 ball pythons (D:1)
  A frilled lizard (D:2)
  A kobold (D:1)
20 creatures vanquished.

Notes
Turn   | Place    | Note
-------+----------+-------------------------------------------
     0 | D:1      | Seakingmako the Minotaur Berserker began the quest for the
                  | Orb.
     0 | D:1      | Reached XP level 1. HP: 19/19 MP: 0/0
   341 | D:1      | Reached XP level 2. HP: 26/27 MP: 1/1
   746 | D:2      | Got the Disquisition on Excruciating Rime
   763 | D:2      | Reached ** piety under Trog
   775 | D:2      | Reached XP level 3. HP: 17/34 MP: 2/2
   790 | D:2      | HP: 1/34 [gnoll/+0 flail (6)]
   791 | D:2      | Slain by a gnoll

Illustrated notes

Levels and vault maps discovered:
D:1:      dpeg_arrival_circle_labyrinth_c, layout_basic
D:2:      layout_loops_corners, serial_glass, glass_columns_c, glass_columns_a,
          uniq_natasha

Skill      XL: |  1  2 |
---------------+-------+-----
Fighting       | 4 |  4.3
Axes           | 4 |  4.2
Armour         | |  2.9
Dodging        | |  2.4

Action                   || total
-------------------------++-------
Melee: Hand axe          ||    53
       Headbutt          ||     5
       Punch             ||     2
Armor: Plate armour      ||    45
Dodge: Dodged            ||    19
